 Dungeon Sprint DCSS version 0.29.1-15-g9cfb28693d (webtiles) character file.

Game seed: 14958204333808014294

240 Groucho the Trooper (level 6, -1/60 HPs)
             Began as a Ghoul Fighter on Feb 22, 2023.
             Was a Believer of Makhleb.
             Slain by Grinder (7 damage)
             ... in the Dungeon (Sprint VII: "The Pits").
             The game lasted 00:02:04 (757 turns).

Groucho the Trooper (Ghoul Fighter)                  Turns: 757, Time: 00:02:05

Health: -1/60      AC:  7    Str: 20    XL:     6   Next: 8%
Magic:  6/6        EV:  9    Int:  3    God:    Makhleb [**....]
Gold:   0          SH:  5    Dex: 10    Spells: 5/5 levels left

rFire   . . .      SeeInvis .   a - +2 hand axe
rCold   + . .      Faith    .   c - +0 buckler
rNeg    + + +      Spirit   .   b - +0 scale mail
rPois   ∞          Reflect  .   (no helmet)
rElec   .          Harm     .   (no cloak)
rCorr   .          Rampage  .   (no gloves)
Will    .....      NoTele   +   (no boots)
Stlth   ..........              (no amulet)
HPRegen 0.00/turn               (no ring)
MPRegen 0.10/turn               (no ring)

@: mighty, inhibited regen, invisible
A: claws 1, cold resistance 1, negative energy resistance 3, inhibited
regeneration, torment resistance 2, devour on kill
a: Renounce Religion, Minor Destruction


You were in the Dungeon.
You worshipped Makhleb.
Makhleb was pleased with you.
You visited 1 branch

Inventory:

Hand Weapons
 a - a +2 hand axe (weapon)
 j - a +2 mace
Missiles
 l - 10 stones (quivered)
Armour
 b - a +0 scale mail (worn)
 c - a +0 buckler (worn)
Scrolls
 i - a scroll of blinking
 m - 5 scrolls of amnesia
 n - a scroll of summoning
Potions
 g - a potion of haste
 h - 4 potions of magic
 k - a potion of invisibility


   Skills:
 + Level 7.3 Fighting
 + Level 5.6 Axes
 + Level 6.0 Armour
 + Level 6.0 Shields
 + Level 2.0 Invocations


You had 5 spell levels left.
You didn't know any spells.
Your spell library was empty.

Dungeon Overview and Level Annotations

Branches:
Dungeon (1/1)

Altars:
Ashenzari
Cheibriados
Dithmenos
Fedhas
Gozag
Hepliaklqana
Kikubaaqudgha
Makhleb
Nemelex Xobeh
Okawaru
Qazlal
Ru
Sif Muna
Trog
Uskayaw
Vehumet
Wu Jian
Xom
Yredelemnul
Jiyva
Lugonu

Annotations:
D Grinder


Innate Abilities, Weirdness & Mutations

You are immune to poison.
You have sharp fingernails.
Your flesh is cold resistant. (rC+)
You are immune to negative energy. (rN+++)
You do not regenerate when monsters are visible.
You are immune to unholy pain and torment.
You thrive by killing the living.


Message History

You can move again.
You feel better. The orc hits you with a +0 mace.
* * * LOW HITPOINT WARNING * * *
Grinder hits you but does no damage.
You catch the helpless orc completely off-guard!
You slash the orc!
You kill the orc!
Makhleb accepts your kill.
You hit Grinder. Grinder barely misses you.
Unknown command.
Unknown command.
Unknown command.
You closely miss Grinder.
Grinder is lightly wounded.
Grinder barely misses you.
Unknown command.
You strike the helpless Grinder from behind!
You slash Grinder!
Grinder is heavily wounded.
Grinder hits you but does no damage.
You catch the helpless Grinder completely off-guard!
You hit Grinder.
Grinder is heavily wounded.
Grinder misses you.
There is an open door here.
You slash Grinder!
Grinder is almost dead.
Grinder drinks a potion.
Grinder is healed!
You closely miss Grinder.
Grinder is moderately wounded.
Grinder barely misses you. Grinder gestures at you.
You suddenly lose the ability to move!
Grinder hits you but does no damage. x3
You can move again.
Unknown command.
You barely miss Grinder.
Grinder is moderately wounded.
Grinder hits you!
You die...

##########.##........
#...........'........
+#####'#####......#.
#..#..# #........
#..'..# ####'####
#..#### #.......#
#..#..# #.......#
#5.#..# #.......#
##@#).#+###...<...#
#........##.......#
#........##.......#
###########.......#
#########


You could see Grinder (unable to see you).

Vanquished Creatures
  A floating eye (D)
  2 scorpions (D)
  A river rat (D)
  2 ufetubi (D)
  An orc (D)
  A hobgoblin (D)
  A bat (D)
9 creatures vanquished.

Notes
Turn   | Place    | Note
-------+----------+-------------------------------------------
     0 | D        | Groucho the Ghoul Fighter began the quest for the Orb.
     0 | D        | Reached XP level 1. HP: 19/19 MP: 0/0
     9 | D        | Noticed a floating eye
    10 | D        | Paralysed by a floating eye for 4 turns
    18 | D        | Killed a floating eye
    19 | D        | Reached skill level 5 in Fighting
    19 | D        | Reached XP level 2. HP: 30/30 MP: 1/1
    19 | D        | Reached XP level 3. HP: 37/37 MP: 2/2
    19 | D        | Reached XP level 4. HP: 44/44 MP: 3/3
    52 | D        | Found a bloodstained altar of Trog.
    52 | D        | Found a shimmering blue altar of Sif Muna.
    52 | D        | Found a viscous altar of Jiyva.
    52 | D        | Found a hazy altar of Hepliaklqana.
    52 | D        | Found an opulent altar of Gozag.
    53 | D        | Found a basalt altar of Yredelemnul.
    53 | D        | Found a shimmering altar of Xom.
    53 | D        | Found an ornate altar of the Wu Jian Council.
    53 | D        | Found a sacrificial altar of Ru.
    53 | D        | Found a stormy altar of Qazlal.
    53 | D        | Found an iron altar of Okawaru.
    53 | D        | Found a sparkling altar of Nemelex Xobeh.
    53 | D        | Found a burning altar of Makhleb.
    53 | D        | Found a blossoming altar of Fedhas.
    53 | D        | Found a shadowy altar of Dithmenos.
    53 | D        | Found a snail-covered altar of Cheibriados.
    55 | D        | Found a radiant altar of Vehumet.
    55 | D        | Found a corrupted altar of Lugonu.
    56 | D        | Found a hide-covered altar of Uskayaw.
    56 | D        | Found an ancient bone altar of Kikubaaqudgha.
    56 | D        | Found a broken altar of Ashenzari.
    63 | D        | Became a worshipper of Makhleb the Destroyer
    88 | D        | Reached skill level 6 in Fighting
    88 | D        | Reached skill level 5 in Armour
    88 | D        | Reached skill level 5 in Shields
    93 | D        | Reached XP level 5. HP: 35/50 MP: 4/4
   297 | D        | Reached * piety under Makhleb
   298 | D        | Reached skill level 5 in Axes
   717 | D        | Noticed Grinder
   727 | D        | Reached ** piety under Makhleb
   728 | D        | Reached skill level 7 in Fighting
   728 | D        | Reached XP level 6. HP: 39/60 MP: 4/6
   742 | D        | Paralysed by Grinder for 4 turns
   743 | D        | HP: 2/60 [orc/+0 mace (2)]
   753 | D        | Paralysed by Grinder for 4 turns
   757 | D        | Slain by Grinder

Illustrated notes

Levels and vault maps discovered:
D:        pitsprint [storerooms_1, entrance_room_1, metal_vault_8, armoury_3,
          mini_pit_1, grid_room_1, main_hall_1, silver_pit, the_coven_3,
          the_vestibule_1, steel_vault_3, golden_pit, hallway_of_sentries,
          crystal_vault_3, iron_vault_4, final_vault]

Skill      XL: |  1  2  3  4  5 |
---------------+----------------+-----
Fighting       | 5 6 7 |  7.3
Axes           | 4 5 |  5.6
Armour         | 4 5 6 |  6.0
Shields        | 4 5 6 |  6.0
Invocations    | 2 |  2.0

Action                   |  1- 3 |  4- 6 || total
-------------------------+-------+-------++-------
Melee: War axe           |     5 |       ||     5
       Hand axe          |       |    67 ||    67
  Use: Potion            |       |     4 ||     4
 Stab: Invisible         |       |     3 ||     3
Armor: Scale mail        |       |    54 ||    54
Dodge: Dodged            |       |    38 ||    38
Block: Buckler           |       |    20 ||    20
